 Dungeon Sprint DCSS version 0.31-a0-675-g238779eb0a (webtiles) character file.

Game seed: 17007128708648148777

1768 sircluck the Grappler (level 8, -4/139 HPs)
             Began as a Troll Berserker on Sept 5, 2023.
             Was an Elder of Trog.
             Slain by a deep troll (9 damage)
             ... in the Dungeon (Sprint I: "Red Sonja").
             The game lasted 00:01:05 (267 turns).

sircluck the Grappler (Troll Berserker)              Turns: 267, Time: 00:01:06

Health: -4/139     AC:  4    Str: 28    XL:     8   Next: 80%
Magic:  7/7        EV: 12    Int:  3    God:    Trog [****..]
Gold:   738        SH:  0    Dex:  9    Spells: 7/7 levels left

rFire   . .          .
                       - Unarmed
rCold   . . .        (no shield)
rNeg    . . .        a - +0 animal skin
rPois   .            (helmet restricted)
rElec   .            (no cloak)
rCorr   .            (gloves unavailable)
SInv    .            (boots unavailable)
Will    .....        (no amulet) Stlth
                     (no ring)
HPRegen 1.23/turn    (no ring)
MPRegen 0.10/turn

%: no teleportation
@: berserking, very quick
A: large, unfitting armour, claws 3, regeneration 1, shaggy fur 1, tough skin 1
a: Renounce Religion, Berserk, Trog's Hand, Brothers in Arms


You were in the Dungeon.
You worshipped Trog.
Trog was greatly pleased with you.
You visited 1 branch You collected 738 gold pieces.

Inventory:

Missiles
 j - 4 curare-tipped darts
Armour
 a - a +0 animal skin (worn)
Wands
 h - a wand of mindburst (16)
Scrolls
 g - a scroll of blinking
 k - a scroll of revelation {unknown}
Potions
 b - 3 potions of curing
 c - a potion of heal wounds
 d - a potion of haste
 e - 2 potions of magic
 f - a potion of berserk rage
 i - a potion of might {unknown}


   Skills:
 + Level 10.1 Fighting
 + Level 10.0 Dodging
 + Level 11.8 Unarmed Combat


You had 7 spell levels left.
You didn't know any spells.
Your spell library was empty.

Dungeon Overview and Level Annotations

Branches:
Dungeon (1/1)

Altars:
Cheibriados
Dithmenos
Elyvilon
Fedhas
Gozag
Hepliaklqana
Kikubaaqudgha
Makhleb
Nemelex Xobeh
Okawaru
Qazlal
Ru
Sif Muna
Trog
Uskayaw
Vehumet
Wu Jian
Xom
Yredelemnul
Zin
The Shining One
Jiyva
Lugonu

Shops:
D [


Innate Abilities, Weirdness & Mutations

You are too large for most types of armour.
You have claws for hands.
Your natural rate of healing is unusually fast.
You are covered in fur. (AC +1)
You have tough skin. (AC +1)


Message History

b - 3 potions of curing (gained 1)
You now have 684 gold pieces (gained 27).
You now have 711 gold pieces (gained 27).
You now have 738 gold pieces (gained 27).
There is an open door here.
You open the door.
A deep troll comes into view.
The deep troll shouts!
Found 108 gold pieces.
There is an open door here.
You barely miss the deep troll. The deep troll bites you!
The deep troll closely misses you. The deep troll claws you!
You claw the deep troll! You claw the deep troll.
The deep troll is moderately wounded.
The deep troll bites you! The deep troll claws you!
The deep troll closely misses you.
You are too injured to fight recklessly!
You are too injured to fight recklessly!
You are too injured to fight recklessly!
You are too injured to fight recklessly!
You are too injured to fight recklessly!
You are too injured to fight recklessly!
You are too injured to fight recklessly!
You are too injured to fight recklessly!
You are too injured to fight recklessly!
You are too injured to fight recklessly!
You are too injured to fight recklessly!
A red film seems to cover your vision as you go berserk!
You feel yourself moving faster!
You feel mighty! The deep troll misses you. The deep troll claws you!
The deep troll barely misses you.
You claw the deep troll!
The deep troll is heavily wounded.
You barely miss the deep troll.
The deep troll is heavily wounded.
The deep troll bites you!!
* * * LOW HITPOINT WARNING * * *
The deep troll claws you!
* * * LOW HITPOINT WARNING * * *
The deep troll claws you!
You die...

#..#####'#####'#__####...+
#..####..#...#[#### #####
#..#__####..##.#
#..#_____##'#_.+
#⌠⌠#_.∩...†..._#
####_..__##_)#'#
#_____###'#.#
#########.####+###
+...@T$.$$+ #...#######
###.### #.#'#.# #.....#
#.....# #######


You could see a deep troll.

Vanquished Creatures
  Sonja (D)
  2 kobold demonologists (D)
  A slime creature (D)
  Sigmund (D)
  A yak (D)
  A floating eye (D)
  An ogre (D)
  A jelly (D)
  Ijyb (D)
10 creatures vanquished.

Vanquished Creatures (others)
  2 ballistomycete spores (D)
2 creatures vanquished.

Grand Total: 12 creatures vanquished

Notes
Turn   | Place    | Note
-------+----------+-------------------------------------------
     0 | D        | sircluck the Troll Berserker began the quest for the Orb.
     0 | D        | Reached XP level 1. HP: 22/22 MP: 0/0
     1 | D        | Noticed Ijyb
     9 | D        | Killed Ijyb
    10 | D        | Reached skill level 4 in Unarmed Combat
    10 | D        | Reached XP level 2. HP: 24/32 MP: 1/1
    20 | D        | Noticed an ogre
    23 | D        | Killed an ogre
    24 | D        | Reached skill level 5 in Fighting
    24 | D        | Reached skill level 5 in Dodging
    24 | D        | Reached skill level 6 in Unarmed Combat
    24 | D        | Reached XP level 3. HP: 42/42 MP: 2/2
    24 | D        | Reached XP level 4. HP: 50/50 MP: 3/3
    37 | D        | Noticed Sigmund
    41 | D        | Killed Sigmund
    41 | D        | Reached ** piety under Trog
    42 | D        | Reached skill level 7 in Unarmed Combat
    42 | D        | Reached XP level 5. HP: 61/61 MP: 4/4
    56 | D        | Found an ornate altar of the Wu Jian Council.
    56 | D        | Found a shimmering blue altar of Sif Muna.
    58 | D        | Found a radiant altar of Vehumet.
    62 | D        | Reached XP level 6. HP: 68/68 MP: 5/5
    91 | D        | Found Xifyenail's Antique Armour Emporium.
    91 | D        | Found an ancient bone altar of Kikubaaqudgha.
    91 | D        | Found a hazy altar of Hepliaklqana.
    91 | D        | Found a hide-covered altar of Uskayaw.
    91 | D        | Found a basalt altar of Yredelemnul.
    91 | D        | Found an opulent altar of Gozag.
    91 | D        | Found a snail-covered altar of Cheibriados.
    91 | D        | Found a sacrificial altar of Ru.
    91 | D        | Found a shadowy altar of Dithmenos.
    91 | D        | Noticed a yak
    93 | D        | Killed a yak
    94 | D        | Reached skill level 8 in Unarmed Combat
    94 | D        | Found a stormy altar of Qazlal.
    94 | D        | Found a blossoming altar of Fedhas.
    94 | D        | Found a bloodstained altar of Trog.
    94 | D        | Found an iron altar of Okawaru.
    94 | D        | Found a glowing golden altar of the Shining One.
    94 | D        | Found a glowing silver altar of Zin.
    94 | D        | Found a white marble altar of Elyvilon.
    95 | D        | Found a sparkling altar of Nemelex Xobeh.
   110 | D        | Found a burning altar of Makhleb.
   110 | D        | Found a viscous altar of Jiyva.
   110 | D        | Found a shimmering altar of Xom.
   110 | D        | Found a corrupted altar of Lugonu.
   110 | D        | Noticed a slime creature
   114 | D        | Killed a slime creature
   114 | D        | Reached *** piety under Trog
   115 | D        | Reached skill level 9 in Unarmed Combat
   115 | D        | Reached XP level 7. HP: 47/80 MP: 6/6
   144 | D        | Noticed a kobold demonologist
   144 | D        | Noticed a kobold demonologist
   147 | D        | Noticed a neqoxec
   155 | D        | Killed a kobold demonologist
   156 | D        | Reached skill level 10 in Unarmed Combat
   159 | D        | Noticed a sun demon
   162 | D        | Killed a kobold demonologist
   162 | D        | Reached **** piety under Trog
   163 | D        | Reached skill level 11 in Unarmed Combat
   163 | D        | Reached XP level 8. HP: 64/92 MP: 7/7
   187 | D        | Noticed Sonja
   191 | D        | Killed Sonja
   192 | D        | Reached skill level 10 in Fighting
   192 | D        | Reached skill level 10 in Dodging
   261 | D        | Noticed a deep troll
   267 | D        | HP: 5/139 [deep troll (16)]
   267 | D        | Slain by a deep troll

Illustrated notes

Levels and vault maps discovered:
D:        dungeon_sprint_1 [red_sonja_temple_1, red_sonja_temple_small_1]

Skill      XL: |  1  2  3  4  5  6  7  8 |
---------------+-------------------------+-----
Fighting       | 3 5 6 8 9 10 | 10.1
Dodging        | 3 5 6 7 9 10 | 10.0
Unarmed Combat | 4 6 7 9 11 | 11.8

Action                     |  1- 3 |  4- 6 |  7- 9 || total
---------------------------+-------+-------+-------++-------
  Melee: Unarmed           |     9 |     8 |    23 ||    40
         Punch             |       |       |     1 ||     1
 Invoke: Berserk           |       |       |     1 ||     1
  Evoke: Wand              |     1 |     1 |     2 ||     4
 Armour: Animal skin       |     1 |     4 |    27 ||    32
  Dodge: Dodged            |     4 |     2 |    16 ||    22

Table legend: (Time is in decaauts)
 A = Elapsed time spent in this place.
 B = Non-inter-level travel time spent in this place.
 C = Inter-level travel time spent in this place.
 D = Time resting spent in this place.
 E = Time spent auto-exploring this place.
 F = Levels seen in this place.
 G = Mean time per level.
                   A        B        C        D        E       F      G
               +--------+--------+--------+--------+--------+-----+--------+
         Total |    266 |    243 |     23 |     28 |     68 |   1 |  266.0 |
       Dungeon |    266 |    243 |     23 |     28 |     68 |   1 |  266.0 |
               +--------+--------+--------+--------+--------+-----+--------+

Top non-repeatable levels by time:
       D: 266 daAuts
